 Dungeon Crawl Stone Soup version bcrawl-1.37.2 (webtiles) character file.

Game seed: 1608055103524825330

396222 Mehrunes the Unseen (level 14, -1/63 HPs)
             Began as a Spriggan Enchanter on Nov 10, 2022.
             Was the Champion of Dithmenos.
             Shot with an arrow by a salamander (3 damage)
             ... on level 1 of the Snake Pit.
             The game lasted 00:55:40 (23750 turns).

Mehrunes the Unseen (Spriggan Enchanter)           Turns: 23750, Time: 00:55:41

Health: -1/63      AC:  7    Str:  4    XL:     14   Next: 54%
Magic:  24/33      EV: 31    Int: 28    God:    Dithmenos [******]
Gold:   1752       SH:  0    Dex: 16    Spells: 25/41 levels left

rFire    . . .     GDR:     28% L - +4 dagger (venom)
rCold    . . .     SeeInvis +   (shield restricted)
rNeg     . . .     Gourm    .   o - +0 steam dragon scales
rPois    .         Faith    +   (helmet restricted)
rElec    .         Spirit   .   G - +1 cloak
rCorr    .         Reflect  .   (gloves unavailable)
MR       ++...                  (boots unavailable) Stlth **++++++++
                                j - amulet of faith
HPRegen  0.20/turn              c - ring of wizardry
MPRegen  0.23/turn              C - +6 ring of intelligence

@: exhausted, wreathed by umbra, very quick
A: very small, unfitting armour, see invisible, herbivore, speed 3, slow
metabolism 2
a: Shadow Step, Shadow Form, Renounce Religion


You were on level 1 of the Snake Pit.
You worshipped Dithmenos.
Dithmenos was exalted by your worship.
You were not hungry.

You visited 5 branches of the dungeon, and saw 19 of its levels.
You also visited: Volcano.

You collected 1752 gold pieces.

Inventory:

Hand Weapons
 K - a +2 demon blade of venom
 L - a +4 dagger of venom (weapon)
Missiles
 b - 2 throwing nets {=f}
Armour
 o - +0 steam dragon scales (worn)
 w - a +0 robe of magic recovery
 G - a +1 cloak (worn)
 M - the +2 robe of Grot {+Fly rC+ rN+}
   (You found it on level 4 of the Lair of Beasts)

   It protects you from cold.
   It protects you from negative energy.
   It lets you fly.
 O - a +0 buckler
Jewellery
 a - an uncursed amulet of guardian spirit {unknown}
 c - a ring of wizardry (left hand)
 j - an amulet of faith (around neck)
 l - a +4 ring of strength
 t - an uncursed ring of resist corrosion
 C - a +6 ring of intelligence (right hand)
 J - a +4 ring of strength
 R - an uncursed amulet of regeneration {unknown}
 S - an uncursed ring of positive energy
 T - an uncursed ring of protection from cold
Wands
 q - a wand of iceblast (5)
 z - a wand of acid (12)
 D - a wand of paralysis (8)
 H - a wand of flame (35)
 W - a wand of clouds (5)
Scrolls
 d - a scroll of fog
 f - 9 scrolls of remove curse
 h - 8 scrolls of teleportation
 i - 3 scrolls of identify
 k - 2 scrolls of blinking
 y - 3 scrolls of enchant weapon
 E - 3 scrolls of magic mapping
 I - 3 scrolls of summoning
 P - 3 scrolls of amnesia
 X - a scroll of noise {unknown}
 Z - a scroll of vulnerability {unknown}
Potions
 g - 3 potions of heal wounds {unknown}
 m - 6 potions of flight
 n - a potion of haste {unknown}
 r - 4 potions of ambrosia {unknown}
 s - 10 potions of curing
 u - 2 potions of degeneration {unknown}
 v - 7 potions of brilliance {unknown}
 x - 2 potions of agility {unknown}
 A - 4 potions of might
 B - 3 potions of mutation {unknown}
 F - 4 potions of lignification {unknown}
 N - a potion of cancellation {unknown}
Miscellaneous
 Q - 2 phantom mirrors
Comestibles
 e - 16 rations {!d}


   Skills:
 + Level 2.5 Fighting
 + Level 10.6 Short Blades
 - Level 16.1 Dodging
 + Level 18.1 Stealth
 + Level 14.3 Spellcasting
 + Level 14.5 Hexes


You had 25 spell levels left.
You knew the following spells:

 Your Spells              Type           Power        Failure   Level  Hunger
a - Slow                  Hex            #######.     0%          1    None
b - Ensorcelled Hibernat  Hex/Ice        ######       1%          2    None
c - Confuse               Hex            #######.     0%          3    None
d - Dazzling Orbs         Conj/Hex       ######.      1%          3    None
e - Tukima's Dance        Hex            #######.     0%          3    None
f - Cause Fear            Hex            #######...   1%          4    None

Your spell library contained the following spells:

 Spells                   Type           Power        Failure   Level  Hunger
 Corona                   Hex            #######      0%          1    None
 Apportation              Tloc           ###...       1%          1    None
 Infusion                 Chrm           ###.....     1%          1    None
 Magic Dart               Conj           ###.         1%          1    None
 Sandblast                Erth           ###...       1%          1    None
 Static Discharge         Air            ###...       1%          1    None
 Summon Butterflies       Summ           ###.....     1%          1    None
 Blink                    Tloc           N/A          1%          2    None
 Call Imp                 Summ           ###...       1%          2    None
 Silence                  Hex/Air        ######....   1%          5    None
 Conjure Flame            Conj/Fire      ###.....     3%          3    None
 Mephitic Cloud           Conj/Pois/Air  ###.....     3%          3    None
 Spider Form              Tmut/Pois      ###          3%          3    None
 Airstrike                Air            ###.......   11%         4    None
 Lightning Bolt           Conj/Air       ###.....     11%         4    None
 Summon Lightning Spire   Summ/Air       ###.....     26%         5    None
 Conjure Ball Lightning   Conj/Air       ###.......   80%         6    ###....
 Deflect Missiles         Chrm/Air       ###.......   80%         6    ###....
 Chain Lightning          Conj/Air       ###.......   100%        8    ######.
 Tornado                  Tloc/Air       ###.......   100%        8    ######.


Dungeon Overview and Level Annotations

Branches:
Dungeon (10/12)            Temple (1/1) D:5            Lair (6/6) D:7
  Snake (1/3) Lair:3       Spider (0/3) Lair:3        Slime (0/5) Lair:6
    Orc (1/1) D:10            Elf (0/3) Orc

Altars:
Ashenzari
Cheibriados
Dithmenos
Elyvilon
Fedhas
Gozag
Hepliaklqana
Kikubaaqudgha
Lugonu
Makhleb
Nemelex Xobeh
Okawaru
Qazlal
Ru
Sif Muna
Trog
Uskayaw
Vehumet
Wu Jian
Xom
Yredelemnul
Zin
The Shining One
Jiyva

Shops:
D:5 ?   D:7 [   D:9 (   Orc ([:**

Portals:
Abyss: Lair:4


Innate Abilities, Weirdness & Mutations

You are very small and have problems with some larger weapons.
You are too small for most types of armour.
You have supernaturally acute eyesight. (SInv)
You are a herbivore.
You cover ground extremely quickly.
You need to consume almost no food.


Message History

The naga sharpshooter easily resists.
The naga sharpshooter casts a spell.
The naga sharpshooter magically shoots a bolt.
The bolt hits you!
The naga sharpshooter shoots a bolt.
The bolt hits you!!
* * * LOW HITPOINT WARNING * * *
You emit a cloud of dark smoke.
You hear a shout!
Okay, then.
Aiming: Shadow Step
Press: ? - help, Dir - move target cursor, f - anaconda, p - naga sharpshooter
Aim: an anaconda (confused, umbra)
You step into the anaconda's shadow.
You leave a shadowy clone behind.
The anaconda completely misses you.
The naga sharpshooter unwields a +0 arbalest.
The naga sharpshooter wields a +0 hand axe.
The naga sharpshooter completely misses Mehrunes's shadow.
The salamander shoots an arrow.
The arrow hits you!
* * * LOW HITPOINT WARNING * * *
The arrow burns you.
You die...

## ##.
###..
###....###
##....##@N#
..N.##.N§§#
##.N....#
##...<...#
#...@S...#
#..##....##
#. ....#.#
. #.(.#..#
...##.%#
#..## ....
#.# ##.##
.. ##


You could see 2 naga sharpshooters, a salamander, an anaconda (confused) and the
friendly Mehrunes's shadow.

Vanquished Creatures
  Rupert (Lair:6)
  An orc warlord (Orc)
  Nessos (Lair:6)
  Snorg (Lair:5)
  2 dire elephants (Lair:6)
  Harold (Orc)
  5 hydras
  An ogre mage (D:10)
  2 catoblepae
  Erica (Lair:2)
  An alligator (Lair:6)
  Sonja (Orc)
  2 death yaks (Lair:6)
  An orc high priest (Orc)
  Nergalle (Orc)
  A centaur warrior (Volcano)
  A hell knight (Volcano)
  A lindwurm (Lair:6)
  A necromancer (Lair:6)
  3 orc knights (Orc)
  2 oklob plants
  2 orc sorcerers (Orc)
  2 elephants (Lair:6)
  The ghost of foxfromabyss the Basher, a novice EnAc (D:5)
  2 dire elephant zombies (Lair:6)
  2 black mambas
  A dire elephant skeleton (Lair:6)
  6 cane toads
  9 komodo dragons
  3 yaktaurs (Volcano)
  A jumping spider (Lair:3)
  9 rime drakes
  Maurice (D:8)
  2 trolls
  3 polar bears
  2 hornets
  11 blink frogs
  7 dream sheep
  12 hippogriffs
  Grum (Lair:2)
  A shadow (D:10)
  Sigmund (D:5)
  A black mamba skeleton (D:10)
  A dire elephant simulacrum (Lair:6)
  6 wyverns
  2 steam dragons
  30 yaks
  A hungry ghost (D:9)
  7 basilisks
  A death yak simulacrum (Lair:6)
  2 vampire mosquitoes (D:9)
  Menkaure (D:5)
  14 crocodiles
  8 swamp worms (Lair:2)
  A warg (D:10)
  A naga (Snake:1)
  2 spectral cane toads (Lair:6)
  Edmund (D:5)
  7 porcupines
  13 water moccasins
  A hell hound (Lair:5)
  3 black bears
  19 orc warriors
  9 ice beasts
  A hornet zombie (D:5)
  A phantom (D:10)
  3 sky beasts
  12 ogres
  An elephant zombie (Lair:6)
  2 wolves (Lair:2)
  7 bullfrogs
  An elephant skeleton (Lair:6)
  2 kobold brigands (D:8)
  A cane toad simulacrum (Lair:6)
  4 centaurs
  A scorpion (D:4)
  3 elephant simulacra (Lair:6)
  3 killer bees (D:9)
  9 orc priests
  4 howler monkeys
  3 crimson imps
  A quasit (D:6)
  2 jellies (D:3)
  3 hounds
  19 orc wizards
  2 bullfrog skeletons
  An iguana (D:4)
  8 worker ants
  A hound skeleton (D:4)
  Robin (D:2)
  7 gnolls
  A howler monkey skeleton (D:6)
  15 adders
  9 oozes
  3 adder skeletons
  5 worms
  A dart slug (D:2)
  4 leopard geckos
  54 orcs
  7 bats
  5 giant cockroaches (D:1)
  15 goblins
  8 hobgoblins
  12 jackals
  29 kobolds
  3 quokkas
  4 ball pythons
  5 frilled lizards
  9 rats
  A lurking horror (Lair:4)
  A plant (Lair:1)
535 creatures vanquished.

Vanquished Creatures (others)
  A black mamba (Lair:6)
  A dancing weapon (D:4)
  An orc priest (Orc)
  An orc wizard (Orc)
  A ball python (D:2)
  A fire vortex (Lair:6)
  5 fungi
  A lurking horror (Lair:4)
  9 plants
  7 toadstools (D:3)
  14 withered plants (Lair:6)
42 creatures vanquished.

Grand Total: 577 creatures vanquished

Notes
Turn   | Place    | Note
-------+----------+-------------------------------------------
     0 | D:1      | Mehrunes the Spriggan Enchanter began the quest for the
                  | Orb.
     0 | D:1      | Reached XP level 1. HP: 9/9 MP: 5/5
    36 | D:1      | Reached skill level 5 in Stealth
    71 | D:1      | Reached XP level 2. HP: 9/13 MP: 2/6
    94 | D:1      | Learned a level 2 spell: Ensorcelled Hibernation
   397 | D:1      | Reached XP level 3. HP: 16/16 MP: 8/8
   401 | D:1      | Learned a level 3 spell: Confuse
  1023 | D:2      | Found a radiant altar of Vehumet.
  1359 | D:2      | Reached XP level 4. HP: 21/21 MP: 2/9
  1456 | D:2      | Found a white marble altar of Elyvilon.
  1584 | D:2      | Found a blossoming altar of Fedhas.
  1739 | D:2      | Learned a level 3 spell: Dazzling Orbs
  1804 | D:2      | Found a burning altar of Makhleb.
  1847 | D:2      | Noticed Robin
  1870 | D:2      | Reached skill level 6 in Stealth
  2066 | D:2      | Killed Robin
  2067 | D:2      | Reached XP level 5. HP: 24/24 MP: 6/11
  2396 | D:3      | Noticed a black bear
  3303 | D:3      | Reached XP level 6. HP: 28/28 MP: 13/13
  3317 | D:3      | Reached skill level 5 in Dodging
  3489 | D:3      | Reached skill level 5 in Hexes
  3913 | D:3      | Reached skill level 7 in Stealth
  3913 | D:3      | Reached XP level 7. HP: 9/32 MP: 6/15
  4110 | D:3      | Learned a level 3 spell: Tukima's Dance
  4567 | D:4      | Reached skill level 5 in Spellcasting
  5047 | D:4      | Reached skill level 8 in Stealth
  5091 | D:4      | Reached XP level 8. HP: 36/36 MP: 14/17
  5102 | D:4      | Found a sparkling altar of Nemelex Xobeh.
  5207 | D:4      | Reached skill level 5 in Short Blades
  5867 | D:4      | Learned a level 4 spell: Cause Fear
  5882 | D:5      | Entered Level 5 of the Dungeon
  5886 | D:5      | Found Toxzab's Magic Scroll Boutique.
  5940 | D:5      | Found a large runed translucent door.
  5947 | D:5      | Found a large runed translucent door.
  5949 | D:5      | Noticed foxfromabyss's ghost (novice EnAc)
  5957 | D:5      | Reached skill level 9 in Stealth
  6371 | D:5      | Noticed Menkaure
  6513 | D:5      | Killed Menkaure
  6620 | D:5      | Killed foxfromabyss's ghost
  6621 | D:5      | Reached XP level 9. HP: 18/39 MP: 17/20
  6697 | D:5      | Noticed Edmund
  6703 | D:5      | Killed Edmund
  6711 | D:5      | Reached skill level 10 in Stealth
  6742 | D:5      | Noticed Sigmund
  6750 | D:5      | Found a sacrificial altar of Ru.
  6759 | D:5      | Killed Sigmund
  6884 | D:5      | Found a staircase to the Ecumenical Temple.
  6939 | Temple   | Entered the Ecumenical Temple
  7187 | D:5      | Found a corrupted altar of Lugonu.
  7191 | D:5      | Found an ornate altar of the Wu Jian Council.
  7933 | D:6      | Found an opulent altar of Gozag.
  8314 | D:7      | Found a hide-covered altar of Uskayaw.
  8480 | D:7      | Reached skill level 11 in Stealth
  8488 | D:7      | Found a blossoming altar of Fedhas.
  8513 | D:7      | Found Divum's Armour Boutique.
  8762 | D:7      | Reached XP level 10. HP: 34/44 MP: 19/23
  8790 | D:7      | Found a staircase to the Lair.
  9479 | D:8      | Noticed Maurice
  9486 | D:8      | Killed Maurice
  9487 | D:8      | Reached skill level 10 in Dodging
  9813 | D:8      | Found a stormy altar of Qazlal.
 10235 | D:8      | Found a shadowy altar of Dithmenos.
 10247 | D:8      | Found a hazy altar of Hepliaklqana.
 10253 | D:8      | Became a worshipper of Dithmenos the Shadowed
 10269 | D:8      | Found a bloodstained altar of Trog.
 10332 | Lair:1   | Entered Level 1 of the Lair of Beasts
 10363 | Lair:1   | Reached skill level 12 in Stealth
 10884 | Lair:1   | Got an iridescent flail
 10889 | Lair:1   | Noticed an oklob plant
 10895 | Lair:1   | Found a shimmering altar of Xom.
 10905 | Lair:1   | Killed an oklob plant
 11022 | Lair:1   | Reached XP level 11. HP: 47/47 MP: 22/25
 11305 | Lair:1   | Found a frozen archway.
 11376 | Lair:1   | HP: 1/47 [blink frog (10)]
 11393 | Lair:1   | Reached * piety under Dithmenos
 11394 | Lair:1   | Reached skill level 10 in Hexes
 11786 | Lair:2   | Noticed Grum
 11787 | Lair:2   | Killed Grum
 12104 | Lair:2   | Noticed Erica
 12111 | Lair:2   | Killed Erica
 12112 | Lair:2   | Reached skill level 13 in Stealth
 12112 | Lair:2   | Reached skill level 10 in Spellcasting
 12361 | Lair:2   | Reached skill level 10 in Short Blades
 12553 | Lair:2   | Reached ** piety under Dithmenos
 12877 | Lair:3   | Found a dark tunnel.
 12887 | Volcano  | Entered a volcano
 12907 | Volcano  | Noticed a centaur warrior
 12918 | Volcano  | HP: 2/47 [centaur warrior (8)]
 12937 | Volcano  | Killed a centaur warrior
 13124 | Volcano  | Noticed a hell knight
 13131 | Volcano  | Killed a hell knight
 13134 | Volcano  | Reached skill level 14 in Stealth
 13346 | Lair:3   | Found a staircase to the Snake Pit.
 13355 | Lair:3   | Reached XP level 12. HP: 51/51 MP: 27/27
 13545 | Lair:3   | Noticed a seven-headed hydra
 13551 | Lair:3   | Killed a seven-headed hydra
 13720 | Lair:3   | Found a hole to the Spider Nest.
 13766 | Lair:3   | Noticed a seven-headed hydra
 13772 | Lair:3   | Killed a seven-headed hydra
 13772 | Lair:3   | Reached *** piety under Dithmenos
 14373 | Lair:4   | Reached skill level 15 in Stealth
 14468 | Lair:4   | Found a one-way gate to the infinite horrors of the Abyss.
 14470 | Lair:4   | Found a corrupted altar of Lugonu.
 14734 | Lair:4   | Found the +6 Majin-Bo {vamp, *Drain Str+12 Int+24}
 14917 | Lair:4   | Got a fabulously ornate robe
 14928 | Lair:4   | Identified the +2 robe of Grot {+Fly rC+ rN+} (You found it
                  | on level 4 of the Lair of Beasts)
 15195 | Lair:4   | Noticed a four-headed hydra
 15199 | Lair:4   | Killed a four-headed hydra
 15199 | Lair:4   | Reached **** piety under Dithmenos
 15505 | Lair:5   | Noticed a five-headed hydra
 15514 | Lair:5   | Killed a five-headed hydra
 15624 | Lair:5   | Noticed Snorg
 15627 | Lair:5   | Killed Snorg
 15729 | Lair:5   | Reached XP level 13. HP: 55/55 MP: 30/30
 15886 | Lair:5   | Reached skill level 16 in Stealth
 16106 | Lair:5   | Got a polished flail
 16698 | Lair:6   | Entered Level 6 of the Lair of Beasts
 16717 | Lair:6   | Reached ***** piety under Dithmenos
 16750 | Lair:6   | Noticed Nessos
 16761 | Lair:6   | Killed Nessos
 16762 | Lair:6   | Reached skill level 15 in Dodging
 16955 | Lair:6   | Found a viscous altar of Jiyva.
 16956 | Lair:6   | Found a staircase to the Slime Pits.
 17469 | Lair:6   | Reached skill level 17 in Stealth
 17538 | Lair:6   | Noticed Rupert
 17544 | Lair:6   | Killed Rupert
 17605 | Lair:6   | Noticed a dire elephant
 17606 | Lair:6   | Noticed a dire elephant
 17606 | Lair:6   | Noticed a dire elephant
 17633 | Lair:6   | Noticed a dire elephant
 17700 | Lair:6   | Killed a dire elephant
 18423 | Lair:6   | Found the ring of the Octopus King
 18425 | Lair:6   | Noticed a dire elephant
 18428 | Lair:6   | Killed a dire elephant
 18565 | Lair:6   | Reached XP level 14. HP: 56/59 MP: 25/32
 20007 | D:9      | Found Tyfaytal's Antique Weapon Shoppe.
 20311 | D:10     | Entered Level 10 of the Dungeon
 20374 | D:10     | Found a staircase to the Orcish Mines.
 20429 | D:10     | Reached ****** piety under Dithmenos
 20890 | D:10     | Reached skill level 1 in Fighting
 21236 | Orc      | Entered the Orcish Mines
 21459 | Orc      | Found a staircase to the Elven Halls.
 21565 | Orc      | Noticed Harold
 21572 | Orc      | Killed Harold
 21661 | Orc      | Found Zuudghul's Assorted Antiques.
 21760 | Orc      | Noticed Sonja
 21765 | Orc      | Killed Sonja
 21786 | Orc      | Noticed an orc warlord
 21892 | Orc      | Noticed Nergalle
 22138 | Orc      | Reached skill level 18 in Stealth
 22186 | Orc      | Found a roughly hewn altar of Beogh.
 22617 | Orc      | Killed Nergalle
 22667 | Orc      | Killed an orc warlord
 22881 | Orc      | Found Costrargh's Antique Armour Emporium.
 23065 | Orc      | Found Bimmuthroi's Antique Weapon Emporium.
 23173 | Orc      | Found Olier's Book Emporium.
 23189 | Orc      | Found Puesiops's General Store.
 23736 | Snake:1  | Entered Level 1 of the Snake Pit
 23750 | Snake:1  | HP: 2/63 [salamander/arrow (10)]
 23750 | Snake:1  | Shot with an arrow by a salamander

Skill      XL: |  1  2  3  4  5  6  7  8  9 10 11 12 13 14 |
---------------+-------------------------------------------+-----
Stealth        | 5 6 7 8 9 11 12 14 15 17 18 | 18.1
Spellcasting   | 3 4 5 7 8 9 10 12 13 14 | 14.3
Hexes          | 4 5 6 7 8 9 11 12 13 14 | 14.5
Short Blades   | 2 3 4 6 7 9 10 | 10.6
Dodging        | 4 5 6 8 9 11 12 14 15 16 | 16.1
Fighting       | 2 |  2.5

Action                   |  1- 3 |  4- 6 |  7- 9 | 10-12 | 13-15 || total
-------------------------+-------+-------+-------+-------+-------++-------
Melee: Dagger            |    91 |   114 |   158 |   205 |   377 ||   945
       Demon blade       |       |       |       |       |    26 ||    26
 Fire: Blowgun           |       |     8 |     2 |       |       ||    10
       Shortbow          |       |       |       |       |    13 ||    13
 Cast: Slow              |     7 |     1 |       |       |     3 ||    11
       Ensorcelled Hiber |    48 |   108 |    90 |   174 |   164 ||   584
       Confuse           |       |     3 |    25 |    14 |    53 ||    95
       Dazzling Orbs     |       |       |    36 |     5 |    18 ||    59
       Tukima's Dance    |       |       |     3 |       |       ||     3
       Cause Fear        |       |       |     1 |     7 |     7 ||    15
Invok: Shadow Step       |       |       |       |     1 |     7 ||     8
  Use: Potion            |       |     1 |       |     1 |       ||     2
       Scroll            |       |       |     2 |    10 |     2 ||    14
 Stab: Sleeping          |    35 |    55 |    56 |   138 |   157 ||   441
       Confused          |       |     2 |    14 |     9 |    34 ||    59
       Invisible         |       |     5 |     5 |     1 |    12 ||    23
       Paralysed         |       |       |     1 |       |       ||     1
       Distracted        |       |       |       |       |     1 ||     1
       Fleeing           |       |       |       |       |     1 ||     1
  Eat: Ration            |       |     2 |     2 |     3 |     4 ||    11
Armor: Robe              |    10 |     8 |     8 |     3 |     5 ||    34
       Steam dragon scal |       |       |       |       |     8 ||     8
Dodge: Dodged            |   112 |   151 |   173 |   134 |   305 ||   875
Block: Other             |       |       |       |       |     1 ||     1
